 Dungeon Crawl Stone Soup version 0.28.0-43-g3370ac3207 (webtiles) character file.

Game seed: 5617761540863901006

604 silky the Chopper (level 7, -2/51 (60) HPs)
             Began as a Gnoll Chaos Knight on Mar 30, 2022.
             Was a Plaything of Xom.
             Slain by an iguana (9 damage)
             ... on level 4 of the Dungeon.
             The game lasted 00:12:59 (3959 turns).

silky the Chopper (Gnoll Chaos Knight)              Turns: 3959, Time: 00:13:00

HP:   -2/51 (60)    AC:  9    Str: 11 (13) XL:     7   Next: 42%
MP:   10/10         EV:  9    Int: 20      God:    Xom [*.....]
Gold: 158           SH:  0    Dex:  9      Spells: 11/11 levels left

rFire   + . .      SeeInvis .   m - +2 quarterstaff (chaos)
rCold   . . .      Faith    .   (shield currently unavailable)
rNeg    . . .      Spirit   .   y - +1 scale mail {Will+}
rPois   .          Reflect  .   (no helmet)
rElec   .          Harm     .   e - +2 cloak
rCorr   .          Rampage  .   (no gloves)
Will    +....                   l - +0 pair of boots
Stlth   ..........              (no amulet)
HPRegen 0.17/turn               b - ring of protection from fire
MPRegen 0.12/turn               q - +6 ring of intelligence

@: heavily drained, invisible
A: fangs 1, strong nose, distributed training, clever 1, clumsy 1, deformed body
a: Renounce Religion


You were on level 4 of the Dungeon.
You worshipped Xom.
You were a special plaything of Xom.
You visited 1 branch of the dungeon, and saw 4 of its levels.

You collected 158 gold pieces.

Inventory:

Hand Weapons
 a - a +0 hand axe of chaos
 m - a +2 quarterstaff of chaos (weapon)
Armour
 e - a +2 cloak (worn)
 l - a +0 pair of boots (worn)
 y - a +1 scale mail of willpower (worn)
Jewellery
 b - a ring of protection from fire (left hand)
 c - a ring of willpower
 q - a +6 ring of intelligence (right hand)
 u - a ring of protection from cold
Wands
 o - a wand of iceblast (9)
 w - a wand of flame (24)
Scrolls
 d - a scroll of amnesia
 f - a scroll of silence
 k - a scroll of teleportation {unknown}
 n - a scroll of magic mapping {unknown}
 t - a scroll of identify
 v - a scroll of summoning {unknown}
 A - a scroll of fear {unknown}
Potions
 g - a potion of lignification
 h - a potion of degeneration
 i - a potion of resistance {unknown}
 j - 2 potions of heal wounds {unknown}
 p - a potion of attraction {unknown}
 s - a potion of cancellation {unknown}
 x - a potion of flight {unknown}
 z - a potion of curing {unknown}


   Skills:
 + Level 7.0 Fighting
 + Level 2.5 Short Blades
 + Level 2.5 Long Blades
 + Level 7.0 Axes
 + Level 2.5 Maces & Flails
 + Level 2.5 Polearms
 + Level 2.5 Staves
 + Level 2.5 Slings
 + Level 2.5 Bows
 + Level 2.5 Crossbows
 + Level 2.5 Throwing
 + Level 5.2 Armour
 + Level 3.6 Dodging
 + Level 2.5 Stealth
 + Level 2.5 Shields
 + Level 2.5 Unarmed Combat
 + Level 2.5 Spellcasting
 + Level 2.0 Conjurations
 + Level 2.0 Hexes
 + Level 2.0 Summonings
 + Level 2.0 Necromancy
 + Level 2.0 Translocations
 + Level 2.0 Transmutations
 + Level 2.0 Fire Magic
 + Level 2.0 Ice Magic
 + Level 2.0 Air Magic
 + Level 2.0 Earth Magic
 + Level 2.0 Poison Magic
 + Level 2.7 Invocations
 + Level 2.5 Evocations


You had 11 spell levels left.
You didn't know any spells.
Your spell library was empty.

Dungeon Overview and Level Annotations

Branches:
Dungeon (4/15)
 Temple: D:4-7

Altars:

Shops:
D:4 (


Innate Abilities, Weirdness & Mutations

You have very sharp teeth.
Your uncanny sense of smell can sniff out nearby items.
Your experience applies equally to all skills.
Your mind is acute. (Int +2)
You are clumsy. (Dex -2)
Armour fits poorly on your strangely shaped body.


Message History

You feel your intelligence returning.
Things that are here:
a +0 dagger; a +0 robe; an orc corpse HP restored.
Found 15 stones.
Found a ring mail.
You see here a +0 ring mail.
You see here 15 stones.
You now have 158 gold pieces (gained 12).
Found 23 stones.
Found Ryblump's Weapon Emporium.
Found a stone staircase leading down.
An iguana comes into view.
You hear Xom's maniacal laughter.
You feel drained.
The iguana bites you but does no damage.
You barely miss the iguana.
The iguana bites you but does no damage. x2
You barely miss the iguana. The iguana closely misses you.
You hit the iguana.
The iguana flickers and vanishes!
Deactivating autopickup; reactivate with Ctrl-A.
Your bite misses something. Something bites you.
You barely miss something. Something bites you.
You hit something.
Xom thinks this is hilarious!
Nothing appears to happen.
Something bites you but does no damage. Something bites you!
You hit something but do no damage. Something bites you. Something bites you!
You miss something. Something bites you!
You completely miss something. Something bites you.
* * * LOW HITPOINT WARNING * * *
Something bites you.
* * * LOW HITPOINT WARNING * * *
You hit something.
You feel better.
Something bites you but does no damage. x2
You miss something. Something bites you but does no damage.
Something bites you.
* * * LOW HITPOINT WARNING * * *
You miss something. You bite something. Something bites you but does no damage.
You fade into invisibility!
Something bites you but does no damage. Something bites you!
You die...

###....## ##.......#
#.#####..# #.#...#..#
#.#.>.#..#
#.#...#..#######
######.#.∩(#.........
#....(.#...#.....####
####......#####.@...#
.........#......{...#
.........###........#
#........# #........#
∆ .........#
#........# .........#
#.#......# .........#
#.#......# .........#
# ######## ....))...#


There were no monsters in sight!

Vanquished Creatures
  Sigmund (D:3)
  A necrophage (D:3)
  An ogre (D:4)
  Crazy Yiuf (D:2)
  An orc priest (D:4)
  Jessica (D:2)
  Terence (D:3)
  3 orc wizards (D:4)
  Robin (D:2)
  8 adders
  A worm (D:2)
  2 dart slugs
  6 orcs
  11 ball pythons
  3 bats
  5 endoplasms
  A giant cockroach (D:2)
  11 goblins
  10 hobgoblins
  5 jackals
  7 kobolds
  4 quokkas
  A frilled lizard (D:1)
  5 rats
91 creatures vanquished.

Vanquished Creatures (collateral kills)
  A kobold (D:3)
1 creature vanquished.

Vanquished Creatures (others)
  A quokka (D:3)
1 creature vanquished.

Grand Total: 93 creatures vanquished

Notes
Turn   | Place    | Note
-------+----------+-------------------------------------------
     0 | D:1      | silky the Gnoll Chaos Knight began the quest for the Orb.
     0 | D:1      | Reached XP level 1. HP: 23/23 MP: 1/1
    69 | D:1      | XOM: silly message
   107 | D:1      | XOM: potion effect (might)
   116 | D:1      | Reached XP level 2. HP: 29/29 MP: 2/2
   232 | D:1      | XOM: divination: detect creatures
   788 | D:2      | XOM: confuse monster(s)
   858 | D:2      | Noticed Robin
   860 | D:2      | XOM: enchant monster (good)
   868 | D:2      | XOM: noise
   877 | D:2      | Reached XP level 3. HP: 19/35 MP: 3/3
   879 | D:2      | XOM: enchant monster (bad)
   887 | D:2      | XOM: blink monster(s)
   900 | D:2      | Killed Robin
   901 | D:2      | Reached skill level 1 in Invocations
  1139 | D:2      | XOM: 4-stop teleportation journey
  1147 | D:2      | Reached skill level 1 in Short Blades
  1147 | D:2      | Reached skill level 1 in Long Blades
  1147 | D:2      | Reached skill level 1 in Maces & Flails
  1147 | D:2      | Reached skill level 1 in Polearms
  1147 | D:2      | Reached skill level 1 in Staves
  1147 | D:2      | Reached skill level 1 in Slings
  1147 | D:2      | Reached skill level 1 in Bows
  1147 | D:2      | Reached skill level 1 in Crossbows
  1147 | D:2      | Reached skill level 1 in Throwing
  1147 | D:2      | Reached skill level 1 in Stealth
  1147 | D:2      | Reached skill level 1 in Shields
  1147 | D:2      | Reached skill level 1 in Unarmed Combat
  1147 | D:2      | Reached skill level 1 in Spellcasting
  1147 | D:2      | Reached skill level 1 in Evocations
  1147 | D:2      | Reached XP level 4. HP: 41/41 MP: 5/5
  1152 | D:2      | Noticed Jessica
  1166 | D:2      | Killed Jessica
  1167 | D:2      | Reached skill level 1 in Conjurations
  1167 | D:2      | Reached skill level 1 in Hexes
  1167 | D:2      | Reached skill level 1 in Summonings
  1167 | D:2      | Reached skill level 1 in Necromancy
  1167 | D:2      | Reached skill level 1 in Translocations
  1167 | D:2      | Reached skill level 1 in Transmutations
  1167 | D:2      | Reached skill level 1 in Fire Magic
  1167 | D:2      | Reached skill level 1 in Ice Magic
  1167 | D:2      | Reached skill level 1 in Air Magic
  1167 | D:2      | Reached skill level 1 in Earth Magic
  1167 | D:2      | Reached skill level 1 in Poison Magic
  1661 | D:2      | XOM: silly message
  1758 | D:2      | XOM: scenery: summon butterflies
  2012 | D:2      | XOM: give mutation
  2012 | D:2      | Gained mutation: You have hidden genetic potential. [Xom's
                  | grace]
  2073 | D:2      | Reached XP level 5. HP: 47/47 MP: 6/6
  2119 | D:2      | Found a runed translucent door.
  2120 | D:2      | Noticed Crazy Yiuf
  2190 | D:2      | Killed Crazy Yiuf
  2252 | D:2      | XOM: silly message
  2565 | D:3      | Noticed Sigmund
  2574 | D:3      | XOM: cast spell 'Summon Ice Beast'
  2581 | D:3      | Killed Sigmund
  2582 | D:3      | Reached XP level 6. HP: 46/53 MP: 8/8
  2587 | D:3      | Gained mutation: Your mind is acute. (Int +2) [hidden
                  | potential]
  2757 | D:3      | Noticed a necrophage
  2765 | D:3      | Killed a necrophage
  2766 | D:3      | Reached skill level 5 in Armour
  2776 | D:3      | You fall into a shaft and drop 1 floor!
  3083 | D:4      | Reached XP level 7. HP: 53/59 MP: 10/10
  3129 | D:4      | XOM: enchant monster (bad)
  3130 | D:4      | XOM: give mutations
  3130 | D:4      | Gained mutation: Armour fits poorly on your strangely
                  | shaped body. [Xom's mischief]
  3130 | D:4      | Gained mutation: You are clumsy. (Dex -2) [Xom's mischief]
  3130 | D:4      | Lost mutation: You have hidden genetic potential. [Xom's
                  | mischief]
  3222 | D:4      | XOM: 2-stop teleportation journey
  3640 | D:3      | Noticed Terence
  3640 | D:3      | XOM: swap monsters
  3652 | D:3      | Killed Terence
  3936 | D:4      | Found Ryblump's Weapon Emporium.
  3944 | D:4      | XOM: draining
  3959 | D:4      | Slain by an iguana

Illustrated notes

Levels and vault maps discovered:
D:1:      minmay_arrival_open_corners, layout_basic
D:2:      layout_loops_ring, st_stairs_11, uniq_crazy_yiuf_cottage,
          uniq_jessica, uniq_robin
D:3:      layout_rooms, nicolae_concentric_dashed_squares_mild, uniq_terence,
          uniq_sigmund
D:4:      layout_basic, minmay_misc_feat_four_crosses, nrook_loot_triangle,
          eino_tiny_chamber, nicolae_take_the_stairs, nrook_uturn

Skill      XL: |  1  2  3  4  5  6  7 |
---------------+----------------------+-----
Invocations    | 1 2 |  2.7
Short Blades   | 1 2 |  2.5
Long Blades    | 1 2 |  2.5
Maces & Flails | 1 2 |  2.5
Polearms       | 1 2 |  2.5
Staves         | 1 2 |  2.5
Slings         | 1 2 |  2.5
Bows           | 1 2 |  2.5
Crossbows      | 1 2 |  2.5
Throwing       | 1 2 |  2.5
Stealth        | 1 2 |  2.5
Shields        | 1 2 |  2.5
Unarmed Combat | 1 2 |  2.5
Spellcasting   | 1 2 |  2.5
Evocations     | 1 2 |  2.5
Conjurations   | 1 2 |  2.0
Hexes          | 1 2 |  2.0
Summonings     | 1 2 |  2.0
Necromancy     | 1 2 |  2.0
Translocations | 1 2 |  2.0
Transmutations | 1 2 |  2.0
Fire Magic     | 1 2 |  2.0
Ice Magic      | 1 2 |  2.0
Air Magic      | 1 2 |  2.0
Earth Magic    | 1 2 |  2.0
Poison Magic   | 1 2 |  2.0
Dodging        | 3 |  3.6
Armour         | 5 |  5.2
Fighting       | 7 |  7.0
Axes           | 7 |  7.0

Action                   |  1- 3 |  4- 6 |  7- 9 || total
-------------------------+-------+-------+-------++-------
Melee: Hand axe          |    81 |    39 |       ||   120
       Bite              |     6 |     9 |     9 ||    24
       Punch             |     1 |     1 |       ||     2
       Quarterstaff      |       |    56 |    83 ||   139
  Use: Scroll            |     1 |     1 |       ||     2
       Potion            |       |     5 |     1 ||     6
 Stab: Sleeping          |     2 |     1 |       ||     3
       Petrified         |     1 |       |       ||     1
       Confused          |       |     1 |     1 ||     2
       Invisible         |       |     2 |       ||     2
       Petrifying        |       |       |     1 ||     1
Armor: Leather armour    |    36 |    49 |    11 ||    96
       Plate armour      |       |       |    33 ||    33
       Scale mail        |       |       |    29 ||    29
Dodge: Dodged            |    46 |    78 |    24 ||   148
